 Dungeon Crawl Stone Soup version 0.22.1-1-ga44c0e5 (webtiles) character file.

9303 whitewolfNL the Spear-Bearer (level 11, -4/92 HPs)
             Began as a Minotaur Berserker on Oct 15, 2018.
             Was a High Priest of Trog.
             Slain by a cyan ugly thing (7 damage)
             ... on level 13 of the Dungeon.
             The game lasted 01:34:50 (13582 turns).

whitewolfNL the Spear-Bearer (Minotaur Berserker)  Turns: 13582, Time: 01:34:50

Health: -4/92      AC: 14    Str: 24    XL:     11   Next: 21%
Magic:  10/10      EV:  9    Int:  4    God:    Trog [*****.]
Gold:   630        SH:  0    Dex: 11    Spells: 10/10 levels left

rFire    . . .     SeeInvis .   t - +2 halberd
rCold    . . .     Gourm    .   (shield currently unavailable)
rNeg     . . .     Faith    .   I - +0 plate armour
rPois    .         Spirit   .   (helmet restricted)
rElec    .         Reflect  .   D - scarf {repulsion}
rCorr    .         Harm     .   (no gloves)
MR       +....                  (no boots)
Stlth    ..........             Y - amulet of regeneration
HPRegen  0.65/turn              z - ring of protection from magic
MPRegen  0.12/turn              (no ring)

@: about to teleport, repel missiles
A: retaliatory headbutt, horns 2
a: Berserk, Trog's Hand, Brothers in Arms, Renounce Religion


You were on level 13 of the Dungeon.
You worshipped Trog.
Trog was extremely pleased with you.
You were not hungry.

You visited 1 branch of the dungeon, and saw 11 of its levels.
You also visited: Sewer.

You collected 630 gold pieces.

Inventory:

Hand Weapons
 t - a +2 halberd (weapon)
 F - a +0 shortbow
 P - a +0 blowgun
 Q - a +0 vampiric trident
 U - a +0 flail of draining
Missiles
 h - 145 bolts
 k - 3 throwing nets (quivered)
 l - 178 stones
 x - 91 arrows
 y - 38 sling bullets
 C - 6 needles of frenzy
 N - 13 poisoned needles
 S - 3 tomahawks of returning
Armour
 D - a scarf of repulsion (worn)
 I - a +0 plate armour (worn)
Jewellery
 z - a ring of protection from magic (left hand)
 T - a +5 amulet of reflection
 Y - an amulet of regeneration (around neck)
Wands
 B - a wand of disintegration (13)
 H - a wand of paralysis (10)
 J - a wand of polymorph (13)
 K - a wand of random effects (20)
 L - a wand of digging (9)
 R - a wand of enslavement (7)
Scrolls
 a - a scroll of summoning {unknown}
 b - 3 scrolls of remove curse
 c - 2 scrolls of fear {unknown}
 d - a scroll of fog {unknown}
 e - 3 scrolls of enchant weapon {unknown}
 m - 2 scrolls of blinking {unknown}
 p - 3 scrolls of teleportation
 s - 3 scrolls of amnesia
 E - 2 scrolls of immolation {unknown}
 G - a scroll of identify
 O - a scroll of brand weapon {unknown}
Potions
 f - 3 potions of brilliance
 g - 2 potions of agility
 j - 4 potions of haste
 n - 3 potions of might
 o - 3 potions of curing
 q - 2 potions of mutation
 r - a potion of cancellation
 u - 7 potions of flight
 M - a potion of resistance {unknown}
 Z - a potion of magic {unknown}
Miscellaneous
 v - a fan of gales
 V - a phial of floods
Comestibles
 w - 6 rations


   Skills:
 + Level 7.0 Fighting
   Level 1.1 Short Blades
   Level 0.3(0.9) Long Blades
 - Level 4.5 Maces & Flails
 - Level 14.0 Polearms
 + Level 10.5 Armour
 + Level 4.7 Dodging
 - Level 5.0 Stealth
 * Level 1.1 Evocations


You had 10 spell levels left.
You didn't know any spells.
Your spell library contained the following spells:

 Spells                   Type           Power        Failure   Level  Hunger
 Magic Dart               Conj           #...         99%         1    ##.....
 Searing Ray              Conj           #.....       100%        2    ###....
 Dazzling Spray           Conj/Hex       #.....       100%        3    ####...
 Force Lance              Conj/Tloc      #.......     100%        4    #####..
 Fulminant Prism          Conj/Hex       #.........   100%        4    #####..
 Iskenderun's Mystic Bla  Conj           #.......     100%        4    #####..


Dungeon Overview and Level Annotations

Branches:
Dungeon (13/15)            Temple (0/1) D:5            Lair (0/6) D:8
    Orc: D:9-12      Vaults: D:13-14

Altars:
Dithmenos
Elyvilon
Kikubaaqudgha
Ru
Vehumet
Wu Jian
Xom
Zin


Innate Abilities, Weirdness & Mutations

You reflexively headbutt those who attack you in melee.
You have a pair of horns on your head.


Message History

The cyan ugly thing engulfs you! The cyan ugly thing shocks you!
* * * LOW HITPOINT WARNING * * *
As you read the scroll of teleportation, it crumbles to dust.
You feel strangely unstable.
The cyan ugly thing engulfs you but does no damage.
You feel better. The cyan ugly thing engulfs you.
The cyan ugly thing shocks you!
* * * LOW HITPOINT WARNING * * *
t - a +2 halberd (weapon)
The cyan ugly thing engulfs you but does no damage.
You eat one of the 7 rations.
That ration really hit the spot!
The cyan ugly thing engulfs you!
* * * LOW HITPOINT WARNING * * *
The cyan ugly thing shocks you!
* * * LOW HITPOINT WARNING * * *
Aiming: Paralyse
Press: ? - help, Shift-Dir - straight line, f/p - cyan ugly thing
Aim: a cyan ugly thing (lightly wounded, lightly drained, chance to defeat MR: The cyan ugly thing easily resists.
The cyan ugly thing engulfs you!
You die...

#############
#.....<.....# ####
#.#########.#
#...#####...########.#
#..................#.#
............####...#.#
.......@....##.......###
.......u.#.###..........
......(...####..........
.......#.......#...#.###
.####(.##.####.#...#...
#.. #.# #.##.###### (..
#.# #.##.# .(.. #.#
#.##.# %.... #.# #.##.#


You could see a cyan ugly thing.

Vanquished Creatures
  A slime creature (D:12)
  Erolcha (D:9)
  A wolf spider zombie (D:12)
  Pikel (D:6)
  A cyclops (D:12)
  Psyche (D:9)
  3 trolls
  Prince Ribbit (D:6)
  A shadow (D:12)
  Eustachio (D:6)
  A hungry ghost (D:9)
  4 orc warriors
  A slave (D:6)
  2 black bears
  2 ice beasts
  9 ogres
  A sky beast (D:6)
  A necrophage (D:5)
  3 phantoms
  4 centaurs
  2 big kobolds
  7 bullfrogs
  2 wyvern zombies
  A water moccasin zombie (D:6)
  5 wights (D:8)
  5 howler monkeys
  4 crimson imps
  A centaur zombie (D:5)
  A quasit (D:7)
  8 hounds
  6 orc priests
  2 jellies
  A centaur skeleton (D:4)
  4 bullfrog skeletons
  8 orc wizards
  An iguana (D:5)
  5 worker ants
  A hound skeleton (D:4)
  A worker ant zombie (D:5)
  4 gnolls
  11 adders
  3 shadow imps
  2 oozes (D:4)
  3 worms
  A dart slug (D:3)
  4 leopard geckos
  29 orcs
  A ball python (D:7)
  7 bats
  5 giant cockroaches
  7 goblins
  8 hobgoblins
  17 jackals
  13 kobolds
  8 quokkas
  2 frilled lizards (D:1)
  A giant cockroach zombie (D:5)
  A jackal skeleton (D:6)
  A jackal zombie (D:7)
  2 leopard gecko zombies (D:6)
  14 rats
249 creatures vanquished.

Vanquished Creatures (others)
  A shadow imp (D:6)
1 creature vanquished.

Grand Total: 250 creatures vanquished

Notes
Turn   | Place    | Note
-------+----------+-------------------------------------------
     0 | D:1      | whitewolfNL the Minotaur Berserker began the quest for the
                  | Orb.
     0 | D:1      | Reached XP level 1. HP: 19/19 MP: 0/0
   144 | D:1      | Reached XP level 2. HP: 23/27 MP: 1/1
   162 | D:1      | Reached skill level 4 in Polearms
   816 | D:2      | Reached XP level 3. HP: 18/33 MP: 2/2
  1190 | D:2      | Reached skill level 1 in Stealth
  1749 | D:2      | Reached skill level 5 in Polearms
  1749 | D:2      | Reached XP level 4. HP: 40/40 MP: 3/3
  1751 | D:2      | Reached ** piety under Trog
  2275 | D:2      | You fall through a shaft for 2 floors!
  2304 | D:4      | Reached XP level 5. HP: 42/46 MP: 4/4
  2329 | D:4      | Reached skill level 6 in Polearms
  2381 | D:4      | Found a glowing drain.
  2405 | Sewer    | Entered a sewer
  2498 | Sewer    | Reached XP level 6. HP: 51/52 MP: 5/5
  2547 | Sewer    | Found a glowing silver altar of Zin.
  2642 | D:4      | Reached skill level 7 in Polearms
  3089 | D:4      | Reached XP level 7. HP: 58/58 MP: 6/6
  3159 | D:4      | Reached skill level 8 in Polearms
  3720 | D:3      | Reached *** piety under Trog
  4048 | D:5      | Entered Level 5 of the Dungeon
  4138 | D:3      | Reached skill level 5 in Armour
  4402 | D:5      | Found a sacrificial altar of Ru.
  4849 | D:5      | Reached XP level 8. HP: 66/66 MP: 7/7
  5067 | D:5      | Reached skill level 9 in Polearms
  5481 | D:5      | Found a staircase to the Ecumenical Temple.
  6083 | D:6      | Received a gift from Trog
  6175 | D:6      | Found a shimmering altar of Xom.
  6541 | D:6      | Noticed Eustachio
  6554 | D:6      | Killed Eustachio
  6554 | D:6      | Reached skill level 10 in Polearms
  6635 | D:6      | Noticed Prince Ribbit
  6655 | D:6      | Killed Prince Ribbit
  7017 | D:6      | Reached XP level 9. HP: 68/71 MP: 8/8
  7329 | D:6      | Noticed Pikel
  7339 | D:6      | Killed Pikel
  7339 | D:6      | Reached skill level 1 in Short Blades
  7339 | D:6      | Reached skill level 11 in Polearms
  7597 | D:7      | Reached skill level 1 in Evocations
  7611 | D:7      | Reached skill level 5 in Stealth
  7855 | D:7      | Reached **** piety under Trog
  7871 | D:7      | Found an ancient bone altar of Kikubaaqudgha.
  7917 | D:7      | Found a white marble altar of Elyvilon.
  9076 | D:8      | Found a staircase to the Lair.
  9289 | D:8      | Reached skill level 12 in Polearms
  9560 | D:8      | Found an ornate altar of the Wu Jian Council.
  9676 | D:8      | Reached XP level 10. HP: 63/80 MP: 9/9
  9740 | D:8      | Found a radiant altar of Vehumet.
  9894 | D:8      | Reached skill level 5 in Fighting
 10492 | D:9      | Noticed Psyche
 10499 | D:9      | Killed Psyche
 10619 | D:9      | Got an ominously black robe
 10688 | D:9      | Noticed Erolcha
 10698 | D:9      | Killed Erolcha
 10698 | D:9      | Reached skill level 13 in Polearms
 10778 | D:9      | Identified the +1 robe "Lipnul" {rC+ rCorr Int+5} (You
                  | found it on level 9 of the Dungeon)
 11033 | D:9      | Paralysed by fainting for 9 turns
 11345 | D:9      | Found a shadowy altar of Dithmenos.
 11375 | D:9      | Found a glowing silver altar of Zin.
 11556 | D:9      | You fall through a shaft for 3 floors!
 11726 | D:12     | Reached skill level 10 in Armour
 11733 | D:12     | Reached ***** piety under Trog
 11778 | D:12     | Reached skill level 14 in Polearms
 12449 | D:12     | Killed an enormous slime creature
 12449 | D:12     | Reached XP level 11. HP: 19/91 MP: 10/10
 13560 | D:13     | Noticed a cyan ugly thing
 13581 | D:13     | HP: 3/92 [cyan ugly thing (10)]
 13582 | D:13     | Slain by a cyan ugly thing

Skill      XL: |  1  2  3  4  5  6  7  8  9 10 11 |
---------------+----------------------------------+-----
Polearms       | 4 5 6 7 8 10 12 14 | 14.0
Stealth        | 1 2 3 4 5 |  5.0
Armour         | 3 4 5 6 8 10 | 10.5
Dodging        | 3 4 |  4.7
Short Blades   | 1 |  1.1
Fighting       | 4 6 7 |  7.0
Evocations     | 1 |  1.1
Maces & Flails | 2 4 |  4.5
Long Blades    | |  0.3

Action                   |  1- 3 |  4- 6 |  7- 9 | 10-12 || total
-------------------------+-------+-------+-------+-------++-------
Melee: Spear             |    72 |   126 |       |       ||   198
       Headbutt          |    11 |    24 |    51 |    58 ||   144
       Halberd           |       |     3 |   259 |   151 ||   413
       Rapier            |       |       |    31 |       ||    31
       Falchion          |       |       |     9 |       ||     9
       Flail             |       |       |       |   114 ||   114
 Fire: Blowgun           |       |       |       |     5 ||     5
Invok: Berserk           |     4 |     4 |    12 |    10 ||    30
Evoke: Wand              |       |       |     3 |     2 ||     5
  Use: Potion            |       |       |     5 |     3 ||     8
       Scroll            |       |       |    14 |     4 ||    18
 Stab: Sleeping          |     1 |       |       |       ||     1
       Paralysed         |       |       |       |     1 ||     1
  Eat: Chunk             |     2 |     5 |    14 |    10 ||    31
       Ration            |     1 |     1 |     5 |     6 ||    13
Armor: Animal skin       |    11 |       |       |       ||    11
       Ring mail         |     4 |       |    14 |       ||    18
       Chain mail        |       |    55 |   116 |       ||   171
       Plate armour      |       |       |   111 |   160 ||   271
Dodge: Dodged            |    45 |    48 |   183 |    97 ||   373
       Deflected         |       |       |     6 |     2 ||     8
Block: Other             |       |       |       |    20 ||    20
       Rpst.: Falchion   |       |       |     1 |       ||     1
